Map: Backwater LE

Players

Stephano

  • Race: Zerg Zerg
  • Spawn Location: 11:00

DnS - Winner!

  • Race: Protoss Protoss
  • Spawn Location: 5:00

Event: IEM Season 12 - Katowice

VOD

Have the link to the VOD?

Description

Time

  • Played on: Feb. 26, 2018, 5:19 a.m.
  • Length: 17:57

All games in this series

Show
View Real Time Build Order
Export as new Build Order

Stephano Zerg 

Build Orders: Hatch First 

Get SALT Encoding   

  12  0:00  Drone  
  13  0:13  Overlord  
  13  0:17  Drone  
  14  0:31  Drone  
  15  0:45  Hatchery  
  15  0:48  Drone  
  15  0:52  Drone  
  15  0:55  Drone  
  17  0:59  Drone  
  18  1:10  Extractor  
  17  1:15  Spawning Pool  
  16  1:18  Drone  
  16  1:23  Drone  
  18  1:32  Drone  
  19  1:43  Drone  
  20  1:52  Drone  
  21  1:57  Drone  
  22  2:02  Queen  
  22  2:04  Queen, Zergling x2  
  27  2:09  Drone  
  28  2:16  Metabolic Boost  
  28  2:19  Overlord  
  28  2:33  Hatchery  
  28  2:35  Drone  
  28  2:37  Drone  
  28  2:38  Drone  
  30  2:45  Queen  
  30  2:47  Zergling x2  
  33  2:52  Overlord  
  33  2:57  Drone  
  33  2:58  Drone  
  35  3:01  Zergling x2  
  36  3:12  Drone x5  
  40  3:21  Drone  
  40  3:22  Drone  
  40  3:26  Drone  
  42  3:33  Drone  
  43  3:36  Overlord  
  43  3:38  Lair  
  43  3:40  Extractor  
  42  3:42  Extractor  
  42  3:43  Overlord  
  42  3:44  Drone x2  
  42  3:46  Drone x3  
  46  3:53  Drone  
  46  3:55  Drone x3  
  50  3:58  Baneling Nest  
  50  4:00  Evolution Chamber  
  50  4:02  Drone x2  
  50  4:07  Queen  
  52  4:17  Overlord  
  52  4:21  Zergling x10  
  52  4:23  Overlord  
  57  4:27  Zerg Melee Weapons Level 1  
  57  4:28  Zergling x2  
  58  4:33  Overlord  
  58  4:34  Overlord  
  58  4:37  Zergling x4  
  60  4:41  Baneling  
  60  4:42  Baneling x5  
  60  4:45  Zergling x2  
  61  4:51  Zergling x8  
  61  4:52  Drone  
  66  4:54  Drone x2  
  66  4:57  Drone  
  69  5:01  Hydralisk Den  
  68  5:07  Drone x4  
  68  5:08  Drone  
  73  5:18  Drone x2  
  73  5:21  Drone x6  
  78  5:24  Extractor  
  78  5:26  Extractor, Centrifical Hooks  
  75  5:33  Grooved Spines  
  75  5:35  Overlord  
  75  5:40  Overseer  
  75  5:41  Spore Crawler  
  75  5:42  Spore Crawler, Queen  
  74  5:45  Spore Crawler  
  74  5:46  Spore Crawler  
  72  5:50  Overlord  
  72  5:52  Spore Crawler  
  72  5:53  Spore Crawler  
  72  5:54  Drone  
  72  5:56  Drone x2  
  73  5:59  Drone x3  
  73  6:01  Drone x2  
  78  6:06  Drone x3  
  81  6:11  Overlord  
  81  6:16  Overlord  
  81  6:17  Drone x5  
  86  6:19  Extractor  
  85  6:26  Drone  
  85  6:27  Drone x2  
  85  6:30  Hydralisk x3  
  91  6:46  Drone x4  
  95  6:48  Muscular Augments  
  95  6:50  Spore Crawler  
  95  6:51  Spore Crawler  
  93  6:57  Overlord  
  93  6:58  Zerg Melee Weapons Level 2  
  93  7:02  Spire  
  93  7:04  Overlord  
  93  7:05  Overlord x2  
  92  7:12  Hatchery  
  86  7:19  Drone x3  
  89  7:23  Hydralisk x6  
  101  7:30  Queen  
  101  7:32  Pneumatized Carapace  
  101  7:34  Drone  
  102  7:38  Hydralisk x4  
  110  7:44  Hydralisk x2  
  114  7:51  Hydralisk x2  
  118  8:04  Overlord  
  118  8:05  Drone x4  
  122  8:06  Overlord x3  
  122  8:14  Overlord  
  122  8:18  Zerg Flyer Weapons Level 1  
  122  8:19  Overlord  
  122  8:21  Overlord  
  122  8:25  Drone x6  
  123  8:35  Drone x7  
  123  8:41  Infestation Pit  
  128  8:45  Hydralisk  
  128  8:46  Hydralisk x3  
  136  8:55  Extractor  
  135  8:56  Extractor  
  135  8:57  Hydralisk x6  
  146  9:05  Hatchery  
  146  9:08  Hydralisk x6  
  157  9:20  Overlord  
  151  9:32  Drone x13  
  164  9:40  Zerg Missile Weapons Level 1  
  164  9:42  Evolution Chamber, Hive  
  163  9:47  Overlord  
  163  9:48  Overlord  
  163  9:52  Zergling x20  
  173  9:56  Hydralisk x4  
  181  10:01  Pathogen Glands  
  181  10:09  Drone x3  
  181  10:10  Drone  
  181  10:19  Drone x7  
  188  10:25  Zergling x2  
  188  10:26  Zergling x10  
  194  10:36  Zergling x12  
  200  10:43  Spire  
  200  10:45  Overlord  
  199  10:52  Extractor  
  199  10:53  Extractor  
  196  11:06  Baneling x3  
  196  11:07  Baneling x18  
  196  11:11  Greater Spire  
  196  11:12  Zerg Melee Weapons Level 3  
  196  11:14  Hydralisk  
  197  11:38  Baneling x12  
  197  11:39  Zergling x2  
  199  11:40  Zergling x2  
  199  11:53  Zergling x12  
  199  11:59  Overlord, Baneling x4  
  199  12:00  Overlord  
  195  12:03  Overlord  
  195  12:07  Spine Crawler  
  191  12:09  Spine Crawler x3, Overseer  
  191  12:10  Spine Crawler x2  
  191  12:11  Spine Crawler x2  
  191  12:12  Baneling  
  191  12:13  Baneling x11  
  159  12:30  Hydralisk  
  159  12:31  Hydralisk x23  
  159  12:33  Zergling x4  
  173  12:46  Hydralisk x5  
  173  12:51  Corruptor x11  
  158  12:53  Baneling x4  
  169  13:04  Hydralisk x4  
  160  13:19  Zergling x14  
  134  13:30  Brood Lord  
  134  13:31  Brood Lord x2  
  115  13:39  Zergling x16  
  115  13:40  Zergling x2  
  85  14:00  Hydralisk x10  
  99  14:10  Spire  
  88  14:45  Hatchery  
  65  15:26  Greater Spire  
  65  15:32  Hatchery  
  64  15:36  Infestation Pit  
  64  15:37  Hydralisk x6  
  75  16:01  Drone x4  
  75  16:02  Drone  
  80  16:24  Extractor  
  79  16:30  Drone x6  
  79  16:31  Drone  
  86  16:39  Infestor  
  84  16:40  Infestor x3  
  84  16:49  Brood Lord x2  
  84  16:59  Infestor  
  84  17:17  Infestor x2  
  84  17:20  Overseer  
  88  17:29  Brood Lord  
  90  17:36  Zergling x24  
Show
View Real Time Build Order
Export as new Build Order

DnS Protoss - Winner!

Build Orders: 1 Gate Expand, Archon Immortal 

Get SALT Encoding   

  12  0:00  Probe  
  13  0:13  Probe  
  14  0:20  Pylon  
  14  0:25  Probe  
  15  0:38  Probe (Chrono Boost)  
  15  0:40  Gateway  
  16  0:48  Probe (Chrono Boost), Assimilator  
  17  0:53  Probe (Chrono Boost)  
  18  1:05  Probe  
  19  1:17  Probe  
  20  1:25  Nexus  
  20  1:34  Cybernetics Core  
  20  1:36  Probe  
  21  1:44  Assimilator  
  21  1:48  Probe  
  21  1:52  Pylon  
  22  2:01  Probe  
  23  2:09  Adept (Chrono Boost)  
  23  2:12  Warp Gate  
  23  2:13  Probe  
  26  2:22  Twilight Council  
  26  2:25  Probe  
  26  2:28  Adept (Chrono Boost)  
  29  2:37  Probe (Chrono Boost)  
  30  2:43  Probe (Chrono Boost)  
  31  2:46  Probe (Chrono Boost)  
  31  2:47  Adept (Chrono Boost)  
  31  2:50  Probe (Chrono Boost)  
  31  2:51  Probe (Chrono Boost)  
  35  2:57  Resonating Glaives (Chrono Boost)  
  36  3:01  Probe  
  36  3:03  Probe  
  38  3:13  Probe  
  38  3:15  Probe  
  40  3:23  Gateway x2  
  40  3:25  Adept (Chrono Boost), Probe  
  43  3:27  Probe  
  43  3:30  Pylon  
  44  3:37  Probe  
  44  3:39  Probe  
  46  3:43  Assimilator  
  46  3:46  Pylon  
  46  3:48  Stalker (Chrono Boost)  
  46  3:49  Probe  
  46  3:53  Probe  
  50  3:57  Stargate  
  50  4:00  Stargate  
  50  4:02  Probe  
  51  4:06  Probe  
  51  4:07  Assimilator  
  52  4:16  Probe  
  53  4:18  Probe  
  53  4:20  Adept  
  53  4:21  Adept x2  
  60  4:32  Protoss Air Weapons Level 1  
  60  4:35  Probe x2  
  60  4:36  Pylon  
  62  4:43  Pylon  
  62  4:53  Phoenix (Chrono Boost)  
  62  4:54  Phoenix (Chrono Boost)  
  62  4:58  Nexus  
  66  5:00  Probe x2  
  68  5:16  Phoenix x2 (Chrono Boost)  
  68  5:18  Probe  
  68  5:20  Shield Battery  
  65  5:21  Probe  
  66  5:31  Probe  
  66  5:32  Phoenix (Chrono Boost)  
  66  5:33  Probe  
  72  5:40  Phoenix (Chrono Boost)  
  72  5:41  Pylon  
  72  5:43  Probe, Pylon  
  72  5:46  Probe  
  72  5:48  Sentry  
  76  5:55  Phoenix (Chrono Boost)  
  78  5:59  Probe x2, Pylon  
  78  6:00  Phoenix (Chrono Boost)  
  78  6:01  Pylon  
  82  6:05  Adept  
  85  6:11  Probe x2  
  85  6:12  Probe  
  87  6:20  Robotics Facility  
  87  6:22  Phoenix  
  87  6:23  Probe x2  
  87  6:25  Probe  
  92  6:26  Phoenix (Chrono Boost)  
  92  6:31  Forge  
  94  6:35  Probe x2  
  94  6:36  Charge  
  94  6:37  Probe  
  97  6:45  Assimilator  
  97  6:46  Assimilator  
  95  6:47  Probe, Phoenix (Chrono Boost)  
  95  6:49  Phoenix (Chrono Boost)  
  100  6:54  Probe x2  
  100  6:59  Probe, Protoss Ground Weapons Level 1 (Chrono Boost)  
  103  7:01  Pylon  
  103  7:06  Probe  
  106  7:10  Gateway  
  106  7:11  Gateway  
  100  7:24  Gateway  
  100  7:25  Immortal  
  100  7:26  Gateway  
  100  7:27  Gateway  
  100  7:29  Templar Archives  
  104  7:36  Zealot x3  
  110  7:47  Pylon  
  110  7:48  Pylon  
  110  7:50  Pylon  
  110  7:54  Psionic Storm  
  110  8:04  Immortal  
  110  8:05  Zealot x3  
  120  8:25  Nexus  
  120  8:26  High Templar x4  
  120  8:27  Pylon  
  128  8:29  Pylon  
  128  8:34  Probe x2  
  128  8:35  Protoss Ground Weapons Level 2 (Chrono Boost)  
  129  8:44  Robotics Facility, Observer  
  129  8:46  Nexus  
  133  8:49  Pylon  
  133  8:55  Pylon  
  130  8:58  Photon Cannon  
  130  8:59  Photon Cannon  
  130  9:02  Photon Cannon  
  130  9:03  Immortal (Chrono Boost), High Templar x2  
  130  9:07  Archon  
  132  9:29  Assimilator  
  132  9:32  Immortal (Chrono Boost)  
  132  9:34  Assimilator  
  132  9:35  Gateway x2  
  140  9:40  High Templar x2  
  140  9:41  Gateway  
  140  9:43  Pylon  
  140  9:44  Immortal (Chrono Boost), Shield Battery  
  144  9:45  Archon  
  144  9:48  Photon Cannon  
  144  9:53  High Templar x2  
  144  9:57  Photon Cannon  
  144  9:59  Gateway  
  148  10:00  Archon  
  148  10:02  Gateway  
  148  10:03  Immortal (Chrono Boost)  
  148  10:05  Pylon  
  152  10:14  Immortal (Chrono Boost)  
  154  10:24  High Templar x2  
  158  10:29  Archon, Gateway  
  158  10:30  Immortal (Chrono Boost)  
  158  10:32  Gateway  
  162  10:42  Immortal (Chrono Boost)  
  166  10:49  High Templar x2  
  170  10:53  Archon  
  170  10:56  High Templar x2  
  174  10:57  Zealot x7  
  174  11:00  Warp Prism (Chrono Boost)  
  188  11:06  Archon  
  188  11:16  Warp Prism (Chrono Boost)  
  190  11:19  High Templar x4  
  190  11:20  Pylon  
  190  11:22  Archon  
  190  11:23  Archon  
  198  11:27  Protoss Ground Weapons Level 3 (Chrono Boost)  
  195  11:34  Zealot  
  195  11:35  Zealot x2  
  179  11:58  High Templar x4  
  179  12:00  Nexus  
  181  12:02  Archon x2  
  181  12:04  Zealot x9  
  181  12:33  Zealot x12  
  199  12:41  Archon  
  167  12:53  Zealot  
  167  12:54  Zealot x12  
  181  13:15  Zealot x6  
  181  13:16  Zealot x7  
  173  13:29  Warp Prism (Chrono Boost)  
  152  13:44  Fleet Beacon  
  152  13:49  Stargate  
  152  13:53  Stargate, Void Ray x2 (Chrono Boost)  
  128  14:19  Assimilator  
  128  14:20  Zealot x3  
  128  14:21  Zealot, Assimilator  
  136  14:24  Pylon  
  136  14:26  Mothership (Chrono Boost)  
  144  14:32  High Templar x5  
  144  14:47  Tempest (Chrono Boost)  
  144  14:50  Tempest (Chrono Boost)  
  140  14:53  Protoss Air Weapons Level 2 (Chrono Boost)  
  146  15:06  Tempest (Chrono Boost)  
  152  15:08  Tempest (Chrono Boost)  
  152  15:10  Zealot  
  152  15:13  Observer x2  
  148  15:15  High Templar x3  
  148  15:16  High Templar  
  148  15:18  Probe x4  
  148  15:20  Archon x2  
  158  15:34  Tempest (Chrono Boost)  
  164  15:38  Warp Prism  
  172  15:43  Tempest (Chrono Boost)  
  172  15:47  High Templar x4  
  172  15:48  High Templar x2  
  184  15:51  Photon Cannon  
  184  15:52  Archon x3  
  184  16:07  High Templar x4  
  192  16:12  Archon  
  192  16:13  Archon  
  192  16:29  Pylon  
  190  16:40  Dark Shrine  
  190  16:45  Nexus  
  190  16:50  Photon Cannon  
  190  16:52  Photon Cannon  
  190  16:53  Photon Cannon  
  190  16:55  Photon Cannon  
  190  16:58  Shield Battery  
  190  17:00  Pylon  
  190  17:03  Zealot x5  
  192  17:17  Zealot x4  
  192  17:18  Zealot x2  
  192  17:22  Assimilator  
  200  17:23  Assimilator  

Tags
 
Add a new tag
Caveats
  • Supply blocks, unpowered buildings, or Contaminate may cause inaccurate times.
  • Supply counts are checked every 10 seconds.